 Dungeon Crawl Stone Soup version 0.25-a0-62-g88673ef095 (webtiles) character file.

Game seed: 2459454503299271784, levelgen mode: deterministic

39 MrRokkomies the Sneak (level 3, -1/18 HPs)
             Began as a Spriggan Assassin on Oct 31, 2019.
             Killed from afar by a dart slug (8 damage)
             ... with a slug dart
             ... on level 2 of the Dungeon.
             The game lasted 00:02:04 (895 turns).

MrRokkomies the Sneak (Spriggan Assassin)            Turns: 895, Time: 00:02:04

Health: -1/18      AC:  2    Str:  8    XL:     3   Next: 26%
Magic:  4/4        EV: 17    Int: 12    God:
Gold:   54         SH:  0    Dex: 17    Spells: 2/2 levels left

rFire    . . .     SeeInvis +   a - +2 dagger
rCold    . . .     Gourm    .   (shield restricted)
rNeg     . . .     Faith    .   b - +0 robe
rPois    .         Spirit   .   (helmet restricted)
rElec    .         Reflect  .   i - scarf {repulsion}
rCorr    .         Harm     .   (gloves unavailable)
MR       .....                  (boots unavailable)
Stlth    +++.......             (no amulet)
HPRegen  0.06/turn              (no ring)
MPRegen  0.09/turn              (no ring)

@: repel missiles, very quick
A: very small, unfitting armour, see invisible, herbivore, speed 3, slow
metabolism 2
a: no special abilities


You were on level 2 of the Dungeon.
You were not hungry.

You visited 1 branch of the dungeon, and saw 2 of its levels.

You collected 54 gold pieces.

Inventory:

Hand Weapons
 a - a +2 dagger (weapon)
Missiles
 d - 6 poisoned darts (quivered)
 e - 2 curare-tipped darts
 g - 17 stones
Armour
 b - a +0 robe (worn)
 c - a +0 cloak
 i - a scarf of repulsion (worn)
Potions
 h - a potion of curing
Comestibles
 f - 5 rations


   Skills:
 - Level 1.5 Fighting
 * Level 3.1 Short Blades
 * Level 2.8 Throwing
 - Level 1.5 Dodging
 + Level 6.2 Stealth


You had 2 spell levels left.
You didn't know any spells.
Your spell library was empty.

Dungeon Overview and Level Annotations

Branches:
Dungeon (2/15)

Altars:


Innate Abilities, Weirdness & Mutations

You are very small and have problems with some larger weapons.
You are too small for most types of armour.
You have supernaturally acute eyesight. (SInv)
You are a herbivore.
You cover ground extremely quickly.
You need to consume almost no food.


Message History

You kill the quokka!
Throwing (i - inventory. (/) - cycle)
d - 7 poisoned darts (quivered)
Press: ? - help, Shift-Dir - straight line, f - you Really target yourself?
Okay, then.
Unknown command.
You start resting.
The kobold is too close now for your liking.
Throwing (i - inventory. (/) - cycle)
d - 7 poisoned darts (quivered)
Press: ? - help, Shift-Dir - straight line, f - kobold
Aim: a kobold, wielding a +0 vampiric dagger You throw a poisoned dart.
The poisoned dart barely misses the kobold.
You hit the kobold.
You kill the kobold!
Things that are here:
a +0 vampiric dagger; a kobold corpse The dart slug launches a dart at you.
The slug dart hits you!
You die...

.. ... +..##### ..####.####
#......# ....<#...( #......#
.#...#.†.# # ## #......#
..†..#.#.#.# #. +......#
.#...#.#.#.# #.####......#
+..[).....# #......<....#
#.......######..........######
#........w(..†.@)............#
#.......##.......#...........#
#.....K.##.......#...........#
#...#..r##.......#...........#
#...#.$.##.......##..........#
#...#...##.......##..........#
#####...###########..........#
#...# #..........# .........#
#..........#


You could see a dart slug.

Vanquished Creatures
  A gnoll (D:1)
  A worm (D:2)
  A leopard gecko (D:2)
  5 hobgoblins
  A quokka (D:2)
  A bat (D:2)
  2 frilled lizards (D:2)
  4 goblins
  4 kobolds
  5 rats (D:1)
25 creatures vanquished.

Notes
Turn   | Place    | Note
-------+----------+-------------------------------------------
     0 | D:1      | MrRokkomies the Spriggan Assassin began the quest for the
                  | Orb.
     0 | D:1      | Reached XP level 1. HP: 10/10 MP: 2/2
   331 | D:1      | Reached skill level 6 in Stealth
   335 | D:1      | Reached XP level 2. HP: 14/14 MP: 3/3
   764 | D:2      | Reached XP level 3. HP: 15/18 MP: 4/4
   895 | D:2      | Killed from afar by a dart slug

Levels and vault maps discovered:
D:1:      dpeg_arrival_simpleton_c, layout_loops_cross
D:2:      layout_basic, first_ration, xom_redecorated

Skill      XL: |  1  2 |
---------------+-------+-----
Stealth        | 6 |  6.2
Short Blades   | 3 |  3.1
Fighting       | |  1.5
Throwing       | |  2.8
Dodging        | |  1.5

Action                   || total
-------------------------++-------
Melee: Dagger            ||    70
Throw: Dart              ||     8
  Use: Scroll            ||     5
 Stab: Sleeping          ||     6
Armor: Robe              ||     6
Dodge: Dodged            ||    44
       Deflected         ||     2

Table legend:
 A = Non-vault XP
 B = Vault XP
 C = Vault XP percentage of total XP
 D = Non-vault monster count
 E = Vault monster count
 F = Vault count percentage of total count
                 A         B        C        D         E       F
            +---------+---------+-------+---------+---------+-------
      Total |      56 |       0 |   0.0 |      25 |       0 |   0.0
            +---------+---------+-------+---------+---------+-------
        D:1 |      36 |       0 |   0.0 |      15 |       0 |   0.0
        D:2 |      20 |       0 |   0.0 |      10 |       0 |   0.0
            +---------+---------+-------+---------+---------+-------
